 Dungeon Crawl Stone Soup version 0.32-a0-791-gfc315c9ecd (webtiles) character file.

Game seed: 1107255775054989312

9540 garrulousMonolith the Mimic (level 11, -14/68 (70) HPs)
             Began as an Octopode Shapeshifter on Mar 20, 2024.
             Was a Priest of Beogh.
             Demolished by a death knight
             ... wielding a +0 battleaxe
              (28 damage)
             ... on level 9 of the Dungeon.
             The game lasted 00:13:57 (9017 turns).

garrulousMonolith the Mimic (Octopode Shapeshifter) Turns: 9017, Time: 00:13:58

HP:   -14/68 (70)   AC:  1    Str: 16    XL:     11   Next: 48%
MP:   12/12         EV: 14    Int: 12    God:    Beogh [***...]
Gold: 483           SH:  5    Dex: 14    Spells: 10/10 levels left

rFire   + +          .
                       - Unarmed
rCold   . . .        (shield currently unavailable)
rNeg    . . .        (helmet restricted)
rPois   .            D - amulet of reflection
rElec   .            A - ring of protection from fire
rCorr   .            G - ring of protection from fire
SInv    .            (no ring)
Will    +....        (no ring)
Stlth   ++++         (no ring)
HPRegen 0.31/turn    (no ring)
MPRegen 0.13/turn    (no ring)
                     (no ring)

%: reflection
@: mighty, blade tentacles, enlightened, flying, lightly drained
A: almost no armour, amphibious, 8 rings, camouflage 1, gelatinous body 1,
(nimble swimmer 1), tentacles
a: Begin Untransformation, Renounce Religion, Smiting, Recall Apostles, Dismiss
Okrist, warrior


You were on level 9 of the Dungeon.
You worshipped Beogh.
Beogh was most pleased with you.
You had blades for main tentacles.
You visited 2 branches of the dungeon, and saw 10 of its levels.

You collected 585 gold pieces.
You spent 102 gold pieces at shops.

Inventory:

Hand Weapons
 n - a +1 short sword of venom
 o - the +9 short sword of Grontol {drain, rF- rC- Int+6}
   (You found it on level 2 of the Dungeon)

   Int+6:     It affects your intelligence (+6).
   rF-:       It makes you vulnerable to fire.
   rC-:       It makes you vulnerable to cold.
Missiles
 i - 37 poisoned darts (quivered)
Jewellery
 q - an amulet of the acrobat
 A - a ring of protection from fire (left blade tentacle)
 D - an amulet of reflection (around mantle)
 G - a ring of protection from fire (right blade tentacle)
Talismans
 b - a beast talisman
 c - a flux talisman
 l - a blade talisman (active)
Wands
 E - a wand of mindburst (15)
 F - a wand of polymorph (11)
 I - a wand of paralysis (5)
 K - a wand of warping (5)
Scrolls
 d - 2 scrolls of torment
 g - a scroll of amnesia
 h - 3 scrolls of enchant armour
 j - 3 scrolls of blinking {unknown}
 m - 3 scrolls of vulnerability {unknown}
 p - a scroll of fear {unknown}
 t - 3 scrolls of poison {unknown}
 u - 2 scrolls of fog {unknown}
 w - a scroll of revelation {unknown}
 x - 2 scrolls of noise {unknown}
 y - a scroll of immolation {unknown}
 C - a scroll of teleportation
 J - a scroll of summoning {unknown}
 L - 2 scrolls of identify
Potions
 a - 3 potions of lignification
 e - 2 potions of mutation
 f - a potion of haste {unknown}
 k - a potion of curing
 r - 2 potions of might
 s - 6 potions of enlightenment
 v - a potion of ambrosia {unknown}
 z - 2 potions of cancellation
 B - a potion of attraction {unknown}
 H - a potion of brilliance {unknown}


   Skills:
 + Level 4.7 Fighting
 + Level 5.2 Dodging
 + Level 6.5 Stealth
 * Level 11.5 Unarmed Combat
 + Level 2.3 Invocations
 * Level 12.9 Shapeshifting


You had 10 spell levels left.
You didn't know any spells.
Your spell library contained the following spells:

 Spells                   Type           Power      Damage    Failure   Level
 Magic Dart               Conj           0%         1d3       32%         1
 Lesser Beckoning         Tloc           0%         N/A       45%         2
 Mercury Vapours          Alch/Air       0%         N/A       45%         2
 Searing Ray              Conj           0%         2d4       45%         2
 Gell's Gravitas          Tloc           0%         N/A       69%         3
 Hailstorm                Conj/Ice       0%         3d5       69%         3
 Mephitic Cloud           Conj/Alch/Air  0%         N/A       69%         3
 Summon Ice Beast         Ice/Summ       0%         N/A       69%         3
 Teleport Other           Tloc           0%         N/A       69%         3
 Fulminant Prism          Conj/Alch      0%         3d5       97%         4
 Freezing Cloud           Conj/Ice/Air   0%         6-21      100%        5
 Summon Forest            Summ/Tloc      0%         N/A       100%        5
 Summon Mana Viper        Hex/Summ       0%         N/A       100%        5
 Permafrost Eruption      Ice/Erth       0%         2x4d2     100%        6
 Sculpt Simulacrum        Ice/Alch       0%         N/A       100%        6
 Summon Cactus Giant      Summ           0%         N/A       100%        6


Dungeon Overview and Level Annotations

Branches:
Dungeon (9/15)             Temple (1/1) D:5
   Lair: D:8-11         Orc: D:9-12

Altars:
Ashenzari
Dithmenos
Elyvilon
Gozag
Hepliaklqana
Makhleb
Nemelex Xobeh
Okawaru
Qazlal
Ru
Sif Muna
Trog
Uskayaw
Vehumet
Xom
Yredelemnul
Zin
The Shining One
Lugonu

Shops:
D:4 *!*   D:9 :

Annotations:
D:8 6 transporters


Innate Abilities, Weirdness & Mutations

You have blades for main tentacles.
You are incapable of wielding weapons or throwing items.
Your facial features look somewhat orcish.
You cannot wear most types of armour.
You are amphibious.
You can wear up to eight rings at the same time.
Your skin changes colour to match your surroundings (Stealth+).
Your rubbery body absorbs attacks. (AC +1, EV +1)
((You are camouflaged when in or above water. (Stealth+)))
You have tentacles for arms and can constrict up to eight enemies at once.


Message History

j - 3 scrolls labelled MIEM DATAHET (gained 1)
There is a stone staircase leading down here.
You now have 483 gold pieces (gained 16).
Found a stone staircase leading down.
No target in view!
A death knight comes into view. It is wielding a +0 battleaxe.
Found 6 gold pieces and 5 stones.
A death knight is nearby!
A cyclops comes into view.
Found a long sword and a plate armour.
The cyclops shouts!
The death knight shouts!
A wraith comes into view.
The cyclops moves out of view.
You feel very mighty all of a sudden.
You feel very buoyant.
You fly up into the air.
The death knight offers itself to Yredelemnul, and fills with unholy energy.
Aiming: Mindburst
Press: ? - help, Shift-Dir - straight line, f - death knight
Aim: a death knight, wielding a +0 battleaxe and wearing a +0 plate armour (reflecting injuries, chance to affect: 16%)
The death knight resists with almost no effort.
Aiming: Mindburst
Press: ? - help, Shift-Dir - straight line, f/p - death knight
Aim: a death knight, wielding a +0 battleaxe and wearing a +0 plate armour (reflecting injuries, chance to affect: 16%)
Okay, then.
The death knight barely misses you.
You slice the death knight!! You grab the death knight.
The death knight is moderately wounded.
The death knight reflects your damage back at you!
You constrict the death knight.
The death knight reflects your damage back at you!
The death knight hits you with a +0 battleaxe!
You shred the death knight!!!
You squeeze the death knight, but do no damage.
The death knight is almost dead.
The death knight reflects your damage back at you!
* * * LOW HITPOINT WARNING * * *
You constrict the death knight, but do no damage.
The death knight hits you with a +0 battleaxe!!
You die...

#.#.# #.....
#######)#)########
>...(..)))..# #
###.#####.#.# ## #.#
#.#.#####. #.#
#.#.#..... # #.#
#.#.#.###.
#.######.# #.#.#.#
#.
#...Wp@..#####.#.#.#
#.
#>..C####..........#
#. #..#.#
#.####.###.###. #.
#.# #.# #.#...>.#. #
.p. ..# ##.#.....#.
... ##.. #..........
W♣.♣. ###
##.#.....## .(#).
###....... [.♣ ♣..
###.####


You could see a death knight (reflects damage), a cyclops and a wraith.

Vanquished Creatures
  A two-headed ogre (D:9)
  Pikel (D:8)
  Sigmund (D:3)
  A wyvern (D:9)
  5 yaks (D:9)
  A steam dragon (D:6)
  2 water moccasins
  3 sky beasts
  A black bear (D:6)
  3 ice beasts
  2 orc warriors
  2 ogres
  A centaur (D:7)
  2 phantoms (D:6)
  3 kobold brigands
  2 bullfrogs
  A scorpion (D:6)
  4 wights (D:7)
  3 killer bees (D:9)
  2 howler monkeys (D:7)
  2 bombardier beetles
  2 hounds
  4 jellies
  An orc priest (D:5)
  4 gnoll boudas
  2 iguanas
  6 orc wizards
  6 sleepcaps
  Natasha (twice) (D:2)
  25 gnolls
  5 adders
  2 shadow imps
  2 white imps
  An ufetubus (D:5)
  4 dart slugs
  A ribbon worm (D:4)
  20 orcs
  5 ball pythons
  6 bats
  7 endoplasms
  2 giant cockroaches (D:2)
  11 goblins
  3 hobgoblins
  4 jackals
  22 kobolds
  5 quokkas
  8 frilled lizards
  5 rats
208 creatures vanquished.

Vanquished Creatures (collateral kills)
  Maggie (D:8)
1 creature vanquished.

Vanquished Creatures (others)
  An orc apostle (D:9)
  An orc wizard (D:5)
  An ufetubus (D:5)
  4 orcs
7 creatures vanquished.

Grand Total: 216 creatures vanquished

Notes
Turn   | Place    | Note
-------+----------+-------------------------------------------
     0 | D:1      | garrulousMonolith the Octopode Shapeshifter began the quest
                  | for the Orb.
     0 | D:1      | Reached XP level 1. HP: 13/13 MP: 1/1
   105 | D:1      | Reached XP level 2. HP: 18/18 MP: 2/2
   401 | D:1      | Reached skill level 1 in Stealth
   485 | D:1      | Reached XP level 3. HP: 21/23 MP: 3/3
   926 | D:2      | Identified the +9 short sword of Grontol {drain, rF- rC-
                  | Int+6}
  1167 | D:2      | Noticed Natasha
  1172 | D:2      | Killed Natasha
  1173 | D:2      | Reached XP level 4. HP: 20/28 MP: 4/4
  1218 | D:2      | Noticed Natasha
  1229 | D:2      | Killed Natasha
  1368 | D:3      | Reached XP level 5. HP: 34/34 MP: 5/5
  1585 | D:3      | Noticed Sigmund
  1593 | D:3      | HP: 1/34 [Sigmund/+0 scythe (10)]
  1594 | D:3      | Killed Sigmund
  1595 | D:3      | Reached skill level 4 in Shapeshifting
  1595 | D:3      | Reached XP level 6. HP: 2/40 MP: 6/6
  1817 | D:3      | Found a basalt altar of Yredelemnul.
  2073 | D:3      | Found a sacrificial altar of Ru.
  2202 | D:4      | Found Azualeyts's Assorted Antiques.
  2445 | D:4      | Found a hide-covered altar of Uskayaw.
  2792 | D:4      | Found Ocvaimud's Distillery.
  2800 | D:4      | Bought a potion of curing for 42 gold pieces
  2808 | D:4      | Reached XP level 7. HP: 45/45 MP: 7/7
  2808 | D:4      | Found Cefuaruu's General Store.
  2817 | D:4      | Bought a potion of heal wounds for 60 gold pieces
  3155 | D:5      | Entered Level 5 of the Dungeon
  3458 | D:5      | Became a worshipper of Beogh the Shepherd
  3621 | D:5      | Reached skill level 5 in Unarmed Combat
  3816 | D:5      | Found a staircase to the Ecumenical Temple.
  3831 | D:5      | Reached skill level 5 in Shapeshifting
  3908 | D:5      | Found a shimmering altar of Xom.
  3916 | D:5      | Reached XP level 8. HP: 37/52 MP: 8/8
  3918 | Temple   | Entered the Ecumenical Temple
  4245 | D:5      | Reached * piety under Beogh
  4448 | D:5      | Reached skill level 5 in Stealth
  4466 | D:5      | Found an opulent altar of Gozag.
  4574 | D:5      | Reached skill level 12 in Shapeshifting
  4574 | D:5      | Reached XP level 9. HP: 58/58 MP: 9/9
  4575 | D:5      | Reached skill level 10 in Unarmed Combat
  4575 | D:5      | Reached XP level 10. HP: 63/63 MP: 10/10
  5608 | D:7      | Reached ** piety under Beogh
  5735 | D:7      | Reached XP level 11. HP: 61/69 MP: 11/11
  5893 | D:7      | Found a broken altar of Ashenzari.
  6006 | D:7      | Found a glowing silver altar of Zin.
  6559 | D:8      | Found a transporter.
  6577 | D:8      | Reached skill level 1 in Invocations
  6606 | D:8      | Found a transporter.
  6607 | D:8      | Found a transporter.
  6666 | D:8      | Found a radiant altar of Vehumet.
  6700 | D:8      | Found a transporter.
  6701 | D:8      | Found a transporter.
  7126 | D:8      | Found a transporter.
  7131 | D:8      | Noticed Maggie
  7182 | D:8      | Noticed Pikel
  7190 | D:8      | Killed Pikel
  7285 | D:8      | Reached *** piety under Beogh
  7323 | D:8      | Noticed Okrist
  7326 | D:8      | HP: 1/70 [Okrist the orc apostle/+0 heavy war axe (25)]
  7332 | D:8      | Anointed Okrist the warrior as your apostle
  7368 | D:8      | Killed Maggie
  7906 | D:9      | Found Inlukoot's Book Shop.
  8130 | D:9      | Noticed a two-headed ogre
  8136 | D:9      | Your ally Okrist died
  8141 | D:9      | Killed a two-headed ogre
  8142 | D:9      | Reached skill level 5 in Dodging
  8142 | D:9      | HP: 3/70 [poisoned by a killer bee]
  8145 | D:9      | HP: 1/70 [poisoned by a killer bee]
  8148 | D:9      | Found a shimmering blue altar of Sif Muna.
  9007 | D:9      | Noticed a death knight
  9008 | D:9      | Noticed a cyclops
  9017 | D:9      | Demolished by a death knight

Illustrated notes

Levels and vault maps discovered:
D:1:      amcnicky_arrival_underground_garden, layout_rooms
D:2:      layout_loops_ring, minmay_quantized, uniq_natasha
D:3:      layout_loops_ring, nicolae_ru_the_path_less_chosen, marbit_many_paths,
          minmay_misc_feat_cross, uniq_sigmund
D:4:      layout_cave_pods, eat_drink_and_be_merry_uskayaw, serial_shops,
          nicolae_shop_just_a_little_nook, shop_fountains, shop,
          kennysheep_cross_bottleneck, amcnicky_mini_rare_corridor_liquid
D:5:      layout_loops_cross, kennysheep_little_box, xom_confusion_cloud,
          minmay_temple_entry_glass
D:6:      layout_rooms, hellmonk_no_cap
D:7:      nicolae_BIG_FREAKIN_CUBE, layout_loops_ring, zin_treasury,
          nicolae_ashenzari_skybound
D:8:      layout_loops_cross, overflow_temple_1_default, serial_nicolae_subway,
          nicolae_sub_station_crystal, nicolae_sub_station_stone,
          nicolae_sub_station_metal, uniq_maggie, uniq_pikel
D:9:      minmay_bloctagon_deflated, layout_loops_ring, lemuel_tele_altar,
          amcnicky_altar_gilded, serial_shops, shop, chequers_garden,
          uniq_joseph
Temple:   corrupted_temple

Skill      XL: |  1  2  3  4  5  6  7  8  9 10 11 |
---------------+----------------------------------+-----
Stealth        | 1 2 3 4 5 6 |  6.5
Unarmed Combat | 4 5 10 11 | 11.5
Fighting       | 2 3 4 |  4.7
Dodging        | 3 4 5 |  5.2
Shapeshifting  | 4 5 12 | 12.9
Invocations    | 2 |  2.3

Action                     |  1- 3 |  4- 6 |  7- 9 | 10-12 || total
---------------------------+-------+-------+-------+-------++-------
  Melee: Unarmed           |    23 |       |       |   199 ||   222
         Constrict         |    14 |    16 |    22 |    36 ||    88
         Tentacles         |    13 |    11 |    13 |    35 ||    72
         Short sword       |    45 |    54 |    75 |       ||   174
         Punch             |       |       |       |    14 ||    14
  Throw: Dart              |       |       |     4 |       ||     4
 Invoke: Convert to Beogh  |       |       |     1 |       ||     1
         Recall Apostles   |       |       |       |     3 ||     3
         Smiting           |       |       |       |     1 ||     1
         Recruit Apostle   |       |       |       |     1 ||     1
  Evoke: Wand              |       |       |       |     2 ||     2
    Use: Scroll            |     5 |     3 |     2 |     4 ||    14
         Potion            |       |     2 |     5 |     7 ||    14
   Stab: Sleeping          |     8 |     7 |       |     7 ||    22
         Paralysed         |       |       |       |     3 ||     3
 Armour: Skin              |    25 |    20 |    40 |   114 ||   199
  Dodge: Dodged            |    36 |    30 |    72 |   116 ||   254
  Block: Other             |       |       |       |    36 ||    36
         Reflection        |       |       |       |     1 ||     1
   Form: Blade             |     1 |       |       |     1 ||     2
         Beast             |     1 |       |       |       ||     1

Table legend: (Time is in decaauts)
 A = Elapsed time spent in this place.
 B = Non-inter-level travel time spent in this place.
 C = Inter-level travel time spent in this place.
 D = Time resting spent in this place.
 E = Time spent auto-exploring this place.
 F = Levels seen in this place.
 G = Mean time per level.
                   A        B        C        D        E       F      G
               +--------+--------+--------+--------+--------+-----+--------+
         Total |   8984 |   8767 |    217 |   2721 |   4668 |  10 |  898.4 |
       Dungeon |   8696 |   8485 |    211 |   2475 |   4668 |   9 |  966.2 |
        Temple |    287 |    281 |      6 |    246 |      0 |   1 |  287.0 |
               +--------+--------+--------+--------+--------+-----+--------+

Top non-repeatable levels by time:
     D:8: 1573 daAuts
     D:5: 1198 daAuts
     D:9: 1112 daAuts
     D:4: 953 daAuts
     D:7: 871 daAuts
     D:3: 839 daAuts
     D:6: 784 daAuts
     D:2: 748 daAuts
     D:1: 615 daAuts
  Temple: 287 daAuts
